 Dungeon Crawl Stone Soup version 0.18.1-6-gd335043 (webtiles) character file.

3487 Jerry the Protected (level 9, -10/70 HPs)
             Began as a Minotaur Gladiator on May 18, 2016.
             Was a Believer of Pakellas.
             Mangled by a hill giant
             ... wielding a +0 giant club
              (15 damage)
             ... on level 9 of the Dungeon.
             The game lasted 00:29:14 (7920 turns).

Jerry the Protected (Minotaur Gladiator)            Turns: 7920, Time: 00:29:15

Health: -10/70     AC:  8    Str: 23    XL:     9   Next: 80%
Magic:  6/9        EV: 12    Int: 10    God:    Pakellas [**....]
Gold:   446        SH:  0    Dex: 11    Spells: 0 memorised, 8 levels left

rFire  . . .     SeeInvis .     J - +2 whip (elec)
rCold  . . .     Gourm    +     r - +2 leather armour {MR+}
rNeg   . . .     Faith    .     (no shield)
rPois  .         Spirit   .     c - +0 hat
rElec  .         Dismiss  .     A - +0 cloak
rCorr  .         Reflect  .     (no gloves)
SustAt .         Harm     .     (no boots)
MR     +....                    L - amulet of the gourmand
Stlth  +.........               G - +5 ring of intelligence
                                s - ring of flight

@: lethally poisoned (-10 -> -14), about to teleport, somewhat resistant to
hostile enchantments, very unstealthy
A: retaliatory headbutt, horns 2
a: Quick Charge, Renounce Religion, Evoke Flight


You were on level 9 of the Dungeon.
You worshipped Pakellas.
Pakellas was pleased with you.
You were very full.

You visited 2 branches of the dungeon, and saw 10 of its levels.

You collected 446 gold pieces.

Inventory:

Hand Weapons
 E - a +3 flail of venom
 J - a +2 whip of electrocution (weapon)
Missiles
 d - 4 throwing nets (quivered)
Armour
 c - a +0 hat (worn)
 r - a +2 leather armour of magic resistance (worn)
 x - a +1 leather armour of poison resistance
 A - a +0 cloak (worn)
Jewellery
 s - a ring of flight (left hand)
 G - a +5 ring of intelligence (right hand)
 L - an amulet of the gourmand (around neck)
Wands
 a - a wand of teleportation (7/9)
 g - a wand of flame (9/48)
 F - a wand of lightning (7/15)
 H - a wand of random effects (27/48)
Scrolls
 e - 3 scrolls of identify
 i - 5 scrolls of remove curse
 o - 2 scrolls of teleportation {unknown}
 q - 2 scrolls of recharging {unknown}
 t - a scroll of noise {unknown}
 v - a scroll of magic mapping {unknown}
 B - a scroll of enchant armour {unknown}
 C - a scroll of fear {unknown}
 D - a scroll of amnesia {unknown}
 K - a scroll of random uselessness {unknown}
Potions
 b - a potion of invisibility
 h - a potion of heal wounds
 j - 2 potions of brilliance
 k - 6 potions of curing
 p - 2 potions of mutation
 z - a potion of magic
Books
 n - a book of Callings

   Spells                             Type                      Level
   a - Summon Small Mammal            Summoning                    1
   b - Call Imp                       Summoning                    2
   c - Call Canine Familiar           Summoning                    3
   d - Summon Guardian Golem          Hexes/Summoning              3
   e - Summon Lightning Spire         Summoning/Air                4
   f - Summon Ice Beast               Ice/Summoning                4
Miscellaneous
 m - a sack of spiders
Comestibles
 f - 9 bread rations
 l - 6 meat rations
 w - a royal jelly
 I - 6 fruits


   Skills:
 + Level 3.4 Fighting
 + Level 10.3(11.0) Maces & Flails
   Level 6.3(9.2) Staves
 - Level 2.0 Throwing
 + Level 11.3 Armour
 - Level 3.2 Dodging
 + Level 1.3 Evocations


You had 8 spell levels left.
You didn't know any spells.

Dungeon Overview and Level Annotations

Branches:
Dungeon (9/15)             Temple (1/1) D:4
   Lair: D:8-11         Orc: D:9-12

Altars:
Ashenzari
Dithmenos
Elyvilon
Fedhas
Gozag
Kikubaaqudgha
Okawaru
Pakellas
Qazlal
Sif Muna
Trog
Vehumet
Xom
Yredelemnul
Zin
The Shining One

Shops:
D:6 [   D:8 ?


Innate Abilities, Weirdness & Mutations

You reflexively headbutt those who attack you in melee.
You have a pair of horns on your head.


Message History

* * * LOW HITPOINT WARNING * * *
You closely miss the orc wizard. Your headbutt misses the orc wizard.
You feel sick.
The orc wizard hits you but does no damage.
You are more poisoned.
* * * LOW HITPOINT WARNING * * *
You feel sick.
* * * LOW HITPOINT WARNING * * *
You feel sick.
You see here a giant frog corpse.
Evoke which item? (* to show all) (? for menu, Esc to quit)
Zapping:
a - a wand of teleportation (8/9)
Press: ? - help, Shift-Dir - straight line, f - you You feel strangely unstable.
This wand has 7 charges left.
You swing at nothing.
* * * LOW HITPOINT WARNING * * *
You feel sick.
The hill giant hits you with a giant club!
You die...
Pakellas says: That's one more possible approach eliminated.

........###.....# ..
........##......#### ...
...............#..# ....
..........###.....# ...##
#####......#.....###.....#
##.......#..#..#.......#
#........#######.......#
#...###..#..#..#..###..#
... #......#..o@..# .....
.. #.)#..###oC#.?# #..#
####....)..#### .... .#
#..#.......# ... ...
#.....###..... ##
...###.....#.....#
........#.(#..#....
#......†#######..)⌠)
........#.)# ......


You could see a hill giant, an orc warrior and an orc wizard.

Vanquished Creatures
  Pikel (D:5)
  A spriggan (D:7)
  Eustachio (D:4)
  A hippogriff (D:8)
  Edmund (D:5)
  3 ice beasts
  A slave (D:5)
  3 phantoms
  5 ogres
  A centaur (D:8)
  Blork the orc (D:6)
  A giant frog (D:9)
  A killer bee (D:7)
  2 scorpions
  5 howler monkeys (D:7)
  3 crimson imps
  The ghost of Entainel the Caller, a weakling DESu (D:3)
  3 giant frog zombies
  4 hounds
  A jelly (D:5)
  3 orc priests
  3 orc wizards
  A centaur skeleton (D:8)
  2 iguanas
  A worker ant (D:5)
  A hound zombie (D:9)
  5 gnolls (D:3)
  12 adders
  A shadow imp (D:9)
  2 oozes (D:4)
  4 worms
  3 dart slugs
  5 giant geckos
  23 orcs
  7 bats
  2 giant cockroaches
  15 goblins
  7 hobgoblins
  5 jackals
  11 kobolds
  9 quokkas
  2 giant newts
  A quokka skeleton (D:5)
  5 rats
  A bush (D:8)
171 creatures vanquished.

Vanquished Creatures (others)
  A human (D:2)
  4 toadstools (D:1)
5 creatures vanquished.

Grand Total: 176 creatures vanquished

Notes
Turn   | Place    | Note
--------------------------------------------------------------
     0 | D:1      | Jerry the Minotaur Gladiator began the quest for the Orb.
     0 | D:1      | Reached XP level 1. HP: 18/18 MP: 0/0
   216 | D:1      | Reached skill level 1 in Armour
   250 | D:1      | Reached XP level 2. HP: 25/25 MP: 1/1
   730 | D:2      | Reached skill level 2 in Armour
   756 | D:2      | Reached XP level 3. HP: 30/30 MP: 2/2
  1028 | D:2      | Found an ancient bone altar of Kikubaaqudgha.
  1028 | D:2      | Noticed a human
  1031 | D:2      | Killed a human
  1188 | D:3      | Found a white marble altar of Elyvilon.
  1229 | D:3      | Reached skill level 5 in Staves
  1229 | D:3      | Reached skill level 3 in Armour
  1229 | D:3      | Reached XP level 4. HP: 32/37 MP: 3/3
  1425 | D:3      | Reached XP level 5. HP: 17/42 MP: 4/4
  1514 | D:3      | Noticed Entainel's ghost (weakling DESu)
  1521 | D:3      | Killed Entainel's ghost
  1521 | D:3      | Reached skill level 4 in Armour
  1643 | D:3      | Found a glowing silver altar of Zin.
  1784 | D:3      | Found an iron altar of Okawaru.
  2214 | D:3      | HP: 2/42 [poisoned by an orc priest]
  2222 | D:3      | HP: 1/42 [poisoned by an orc priest]
  2568 | D:3      | Found a bloodstained altar of Trog.
  2580 | D:3      | Reached XP level 6. HP: 46/50 MP: 5/5
  2860 | D:4      | Reached skill level 1 in Maces & Flails
  2860 | D:4      | Reached skill level 5 in Armour
  3295 | D:4      | Noticed an ice beast
  3301 | D:4      | Killed an ice beast
  3301 | D:4      | Reached skill level 6 in Armour
  3301 | D:4      | Reached XP level 7. HP: 54/56 MP: 6/6
  3304 | D:4      | Found an opulent altar of Gozag.
  3342 | D:4      | Found a staircase to the Ecumenical Temple.
  3362 | D:4      | Noticed Eustachio
  3379 | D:4      | Killed Eustachio
  3587 | D:4      | Found a shattered altar of Ashenzari.
  3605 | Temple   | Entered the Ecumenical Temple
  3816 | D:5      | Entered Level 5 of the Dungeon
  3849 | D:5      | Reached skill level 7 in Armour
  4242 | D:5      | Found an oddly glowing altar of Pakellas.
  4254 | D:5      | Became a worshipper of Pakellas the Inventive
  4376 | D:5      | Reached skill level 5 in Maces & Flails
  4506 | D:5      | Reached XP level 8. HP: 28/62 MP: 7/7
  4703 | D:5      | Noticed Edmund
  4714 | D:5      | Killed Edmund
  4714 | D:5      | Reached skill level 8 in Armour
  4946 | D:5      | Noticed Pikel
  4957 | D:5      | Killed Pikel
  4957 | D:5      | Reached skill level 9 in Armour
  5470 | D:6      | Found Qeklo's Armour Shop.
  5790 | D:6      | Noticed Blork the orc
  5802 | D:6      | Killed Blork the orc
  6199 | D:7      | Reached * piety under Pakellas
  6199 | D:7      | Received a gift from Pakellas
  6199 | D:7      | Reached XP level 9. HP: 68/68 MP: 8/8
  6207 | D:7      | Reached skill level 10 in Armour
  7035 | D:8      | Found a shadowy altar of Dithmenos.
  7085 | D:8      | Found a blossoming altar of Fedhas.
  7206 | D:8      | Found Diteam's Magic Scroll Boutique.
  7305 | D:8      | Reached skill level 11 in Armour
  7386 | D:8      | Reached skill level 10 in Maces & Flails
  7574 | D:8      | Reached ** piety under Pakellas
  7574 | D:8      | Received a gift from Pakellas
  7896 | D:9      | Reached skill level 1 in Evocations
  7905 | D:9      | Noticed a hill giant
  7920 | D:9      | Mangled by a hill giant

Skill      XL: |  1  2  3  4  5  6  7  8  9 |
---------------+----------------------------+-----
Armour         | 1 2 3 4 6 7 9 11 | 11.3
Staves         | 4 5 6 |  6.3
Maces & Flails | 3 5 8 10 | 10.3
Fighting       | 3 |  3.4
Evocations     | 1 |  1.3
Throwing       | |  2.0
Dodging        | |  3.2

Action                   |  1- 3 |  4- 6 |  7- 9 || total
-------------------------+-------+-------+-------++-------
Melee: Quarterstaff      |    71 |   110 |       ||   181
       Headbutt          |     7 |    35 |    44 ||    86
       Mace              |       |    52 |    73 ||   125
       Flail             |       |       |    82 ||    82
       Whip              |       |       |   123 ||   123
Throw: Throwing net      |       |     3 |       ||     3
Invok: Quick Charge      |       |       |     1 ||     1
Evoke: Wand              |       |       |     1 ||     1
  Use: Scroll            |       |     3 |     6 ||     9
       Potion            |       |     1 |     3 ||     4
 Stab: Distracted        |     1 |       |       ||     1
  Eat: Chunk             |     1 |     7 |    22 ||    30
       Beef jerky        |       |       |     1 ||     1
Armor: Leather armour    |     7 |    16 |    70 ||    93
       Chain mail        |    23 |    52 |       ||    75
Dodge: Dodged            |    51 |    77 |   133 ||   261
